Cogmind - Beta 16.1 @@@ ROGUE MODE // 2026.03.07 @ 22:01:14 Player: Ghoul Result: Destroyed by S-10 Pest with Light Assault Rifle Performance ------------- Evolutions (1) 500 Regions Visited (3) 600 Robots Destroyed (44) 220 Value Destroyed (1162) 1162 Prototype IDs (2) 40 Alien Tech Used (0) 0 Bonus (0) 0 TOTAL SCORE: 2522 Bonus ------- None Cogmind --------- Core Integrity 0/400 Matter 175/300 Energy 265/265 System Corruption 0% Temperature Cool (0) Movement Core (300) Ox5 Location -9/Storage Parts ------- > --- POWER (2) -------- Reinforced Ion Engine > --- PROPULSION (2) --- (None) > --- UTILITY (3) ------ Small Storage Unit Visual Processing Unit > --- WEAPON (2) ------- Datajack > --- INVENTORY (8) ---- Mini Grenade Launcher Peak State ------------ > --- POWER ------------ Ion Engine Reinforced Ion Engine > --- PROPULSION ------- Armored Treads Armored Treads > --- UTILITY ---------- Small Storage Unit Large Matter Pod Visual Processing Unit > --- WEAPON ----------- Scythe Scythe > --- INVENTORY -------- Armored Treads Armored Treads Hover Unit Hover Unit Large Battery Improved Signal Interpreter Datajack [Rating: 20] Favorites ----------- Power Reinforced Ion Engine Engine Reinforced Ion Engine Power Core Light Nuclear Core Propulsion Aluminum Leg Treads Armored Treads Leg Aluminum Leg Wheel Wheel Hover Unit Hover Unit Flight Unit Flight Unit Utility Small Storage Unit Device Structural Scanner Storage Small Storage Unit Processor Visual Processing Unit Weapon Light Assault Rifle Energy Gun Spread Laser Ballistic Gun Light Assault Rifle Launcher Grenade Launcher Slashing Weapon Scythe Special Melee Weapon Datajack Build | -11 -10 -9 -9 ------- Run | Yrd Mat Mat Sto Slots Evolved 2 | . . 2 . Power 1 | . . 1 . Propulsion . | . . . . Utility 1 | . . 1 . Weapon . | . . . . Parts Attached 42 | 11 6 21 4 Power 6 | 2 . 4 . Engine 5 | 2 . 3 . Core 1 | . . 1 . Reactor . | . . . . Propulsion 14 | 4 . 8 2 Treads 4 | . . 4 . Leg 4 | 2 . 2 . Wheel 2 | 2 . . . Hover 2 | . . . 2 Flight 2 | . . 2 . Utility 8 | 3 2 3 . Device 5 | 3 1 1 . Storage 2 | . 1 1 . Processor 1 | . . 1 . Hackware . | . . . . Protection . | . . . . Artifact . | . . . . Weapon 14 | 2 4 6 2 Energy Gun 3 | 1 1 1 . Energy Cannon . | . . . . Ballistic Gun 5 | 1 2 2 . Ballistic Cannon . | . . . . Launcher 3 | . 1 . 2 Special Weapon . | . . . . Impact Weapon . | . . . . Slashing Weapon 2 | . . 2 . Piercing Weapon . | . . . . Special Melee Weapon 1 | . . 1 . Unidentified Prototypes . | . . . . Parts Lost 15 | . 3 6 6 Power 3 | . . 2 1 Propulsion 4 | . 1 1 2 Utility 3 | . . 2 1 Weapon 5 | . 2 1 2 Highest Loss Streak 6 | . 2 3 6 To Critical Strikes . | . . . . Average Backups 6 | 2 7 7 2 Power . | . . . . Propulsion 2 | 1 2 2 . Utility 2 | . 3 2 . Weapon 1 | . 1 1 1 Tool/Special . | . . . . Unused Backups 17 | . 4 11 2 Power . | . . . . Propulsion 2 | . . 1 1 Utility 7 | . . 7 . Weapon 7 | . 4 2 1 Tool/Special 1 | . . 1 . Average Slot Usage (%) 96 | . 99 95 83 Engine 14 | . 14 14 18 Core 3 | . . 5 . Treads 5 | . . 7 2 Leg 15 | . 23 13 . Wheel 1 | . 3 . . Device 8 | . 14 5 . Storage 18 | . 13 21 19 Processor 3 | . . 5 11 Energy Gun 3 | . 3 4 . Ballistic Gun 12 | . 19 9 . Launcher 2 | . 4 . 14 Slashing Weapon 3 | . . 5 . Special Melee Weapon 1 | . . 1 1 Peak Build Rating 20 | 9 9 20 18 Average Rating 12 | 4 7 15 12 On Entrance 8 | . 9 7 17 Avg Prop Armor Cover (%) 6 | . . 6 . Naked Turns . | . . . . Heaviest Build 35 | 10 15 31 35 Greatest Support 40 | 20 20 40 12 Greatest Overweight (x) 10 | . 1 10 6 Average Overweight (x) . | . . . 2 Largest Inventory Capacity 8 | 5 8 8 8 Average Capacity 7 | 5 7 7 8 Most Carried 8 | 5 8 8 8 Average Carried 6 | 2 7 7 2 Final Capacity 8 | 5 8 8 8 Final Carried 8 | 5 8 7 1 Class Distribution -------------------- 84% | Mutant 15% | Scavenger-Mutant Dominant Class ---------------- Mutant | -10/Materials Mutant | -9/Materials Mutant | -9/Storage Resources | -11 -10 -9 -9 ----------- Run | Yrd Mat Mat Sto Matter Collected 1108 | 304 158 646 . Remotely . | . . . . Salvage Created 1036 | 37 399 535 65 Parts 74 | 2 33 34 5 Haulers Intercepted . | . . . . Recyclers Shooed 3 | . 3 . . Parts Field Recycled . | . . . . Retrieved Matter . | . . . . Parts Self-Destructed . | . . . . Prevented . | . . . . Parts Restored . | . . . . Kills | -11 -10 -9 -9 ------- Run | Yrd Mat Mat Sto Combat Hostiles Destroyed 33 | 1 11 17 4 Melee 4 | . . 4 . Guns 22 | 1 9 12 . AOE 7 | . 2 1 4 Classes Destroyed 7 | 1 4 2 . Worker 2 | . . 2 . Builder 2 | . 2 . . Operator 1 | . 1 . . Watcher 6 | . 2 3 1 Swarmer 10 | . 3 7 . Grunt 19 | 1 8 8 2 Sentry 4 | . . 2 2 Best Kill Streak 8 | 1 8 4 5 Combat Bots Only 6 | 1 6 4 4 Max Kills in Single Turn 3 | 1 3 2 1 Gunslinging 1 | . . 1 . Exploded 1 | . 1 1 1 Melee 1 | . . 1 . Uniques/NPCs Destroyed . | . . . . Combat | -11 -10 -9 -9 -------- Run | Yrd Mat Mat Sto Hostile Shots Fired 255 | 4 71 140 40 Missed 65 | 3 19 34 9 Hits 190 | 1 52 106 31 Melee 6 | . . 6 . Projectile 184 | 1 52 100 31 Critical Strikes 11 | . 1 10 . Damage Taken 2571 | 12 647 1373 539 Core 567 | . 165 233 169 Absorbed by Shields 112 | . . 112 . Core Remaining (%) 67 | 100 34 . . Volleys Fired 117 | 4 50 53 10 Largest 2 | 2 2 2 2 Hottest 88 | 60 60 88 72 Shots Fired 216 | 8 94 100 14 Gun 191 | 8 87 96 . Cannon . | . . . . Launcher 25 | . 7 4 14 Special . | . . . . Kinetic 144 | 4 64 76 . Thermal 20 | . . 20 . Explosive 25 | . 7 4 14 Electromagnetic 27 | 4 23 . . Robot Hit Streak 10 | 2 9 5 10 Robot Miss Streak 9 | 1 5 9 1 Penetration Max . | . . . . Secondary Targets 2 | . 1 1 . Max Gunslinging Chain 1 | . 1 1 . Shots Hit Robots 148 | 5 50 80 13 Core Hits 91 | 3 35 46 7 Critical Kills . | . . . . Critical Parts Destroyed . | . . . . Critical Strikes 1 | 1 . . . Corrupt 1 | 1 . . . Melee Attacks 20 | . . 17 3 Impact . | . . . . Slashing 11 | . . 11 . Piercing . | . . . . Sneak Attacks 8 | . . 5 3 Combat Hostiles . | . . . . Follow-up Attacks 2 | . . 2 . Damage Inflicted 2737 | 50 865 1273 549 Guns 1343 | 50 484 809 . Cannons . | . . . . Explosions 1158 | . 369 240 549 Melee 209 | . . 209 . Ramming 27 | . 12 15 . Kinetic 932 | 22 294 616 . Thermal 193 | . . 193 . Explosive 1158 | . 369 240 549 Electromagnetic 218 | 28 190 . . Impact . | . . . . Slashing 209 | . . 209 . Piercing . | . . . . Highest Corruption . | . . . . Average Corruption . | . . . . Corruption Purged . | . . . . Corruption Blocked . | . . . . Overload Shots . | . . . . Overflow Damage 51 | . . 14 37 Projectiles . | . . . . Explosions 37 | . . . 37 Melee 14 | . . 14 . Knockbacks . | . . . . Impact . | . . . . Kinetic . | . . . . Secondary . | . . . . Self-Inflicted Damage 322 | . 41 111 170 Shots 9 | . 1 2 6 Rammed 3 | . 1 2 . Targets Rammed 13 | . 5 8 . Kicked 10 | . 4 6 . Crushed . | . . . . Highest Temperature 198 | 40 50 198 81 Average Temperature 47 | 19 18 63 49 Received Heat Transfer 869 | 6 303 494 66 Siege Activations . | . . . . Martial Activations . | . . . . Shielding Activations . | . . . . Robots Disrupted . | . . . . Combat Hostiles . | . . . . Robots Corrupted . | . . . . Combat Hostiles . | . . . . Parts Fried . | . . . . Impact Corruptions . | . . . . Robots Melted . | . . . . Combat Hostiles . | . . . . Parts Melted . | . . . . Heat Transferred 245 | . . 245 . Parts Sabotaged . | . . . . Parts Stolen . | . . . . Parts Stripped . | . . . . Power Chain Reactions . | . . . . Alert | -11 -10 -9 -9 ------- Run | Yrd Mat Mat Sto Maximum Alert Level . | . . . . Low Security (%) 100 | 100 100 100 100 Level 1 . | . . . . Level 2 . | . . . . Level 3 . | . . . . Level 4 . | . . . . Level 5 . | . . . . High Security . | . . . . Max Security . | . . . . Peak Influence 179 | 20 179 88 159 Initial 27 | . . . 27 Average 39 | 2 60 31 45 Influence Increases 1167 | 20 374 564 209 Destroy 0b10 Robot/C 660 | 20 220 340 80 Destroy 0b10 Robot/NC 55 | . 25 25 5 Destroy Leader 162 | . 54 76 32 Successful Hack 22 | . . 22 . Disable Machine 90 | . 30 30 30 Destroy Structure 148 | . 30 56 62 Partial Spotted 30 | . 15 15 . Influence Decreases 1018 | 20 374 497 127 Entered New Map 40 | . . . 40 Time Decay 858 | 20 344 447 47 Lost Part 120 | . 30 50 40 Squads Dispatched 5 | . 3 1 1 Investigation 1 | . . . 1 Extermination . | . . . . Reinforcement 4 | . 3 1 . Assault . | . . . . Garrison . | . . . . Intercept . | . . . . Searches Triggered . | . . . . Construction Impeded . | . . . . Haulers Reinforced . | . . . . Active Scanning Responses . | . . . . Cargo Convoy Interrupts . | . . . . Stealth | -11 -10 -9 -9 --------- Run | Yrd Mat Mat Sto Distress Signals 2 | . 1 1 . Communications Jammed . | . . . . Distress Signals . | . . . . Times Spotted 58 | 1 19 29 9 Peak Tracking Total 8 | 1 8 4 5 Tactical Retreats . | . . . . Traps | -11 -10 -9 -9 ------- Run | Yrd Mat Mat Sto Traps Triggered 3 | . 1 1 1 Indirectly . | . . . . Trap Hack Attempts . | . . . . Triggered . | . . . . Disarmed . | . . . . Reprogrammed . | . . . . Reused . | . . . . Traps Extracted . | . . . . Installed . | . . . . Triggered . | . . . . Machines | -11 -10 -9 -9 ---------- Run | Yrd Mat Mat Sto Machines Disabled 6 | . 2 2 2 Max in Single Turn 1 | . 1 1 1 Machines Repaired . | . . . . Machines Dismantled . | . . . . Machines Sabotaged . | . . . . Overloaded Fab Kills . | . . . . Hacking | -11 -10 -9 -9 --------- Run | Yrd Mat Mat Sto Machines Accessed 13 | . 5 7 1 Terminals 11 | . 4 6 1 Fabricators . | . . . . Repair Stations . | . . . . Recycling Units 2 | . 1 1 . Scanalyzers . | . . . . Garrison Access . | . . . . Total Hacks 33 | . 12 18 3 Successful 21 | . 9 12 . Failed 12 | . 3 6 3 Catastrophic . | . . . . Database Lockouts . | . . . . Manual 8 | . 2 6 . Terminals 28 | . 10 15 3 Fabricators . | . . . . Repair Stations . | . . . . Recycling Units 5 | . 2 3 . Scanalyzers . | . . . . Garrison Access . | . . . . Terminal Hacks 17 | . 7 10 . Record 11 | . 6 5 . Prototype ID Bank 1 | . . 1 . Branch Access Points 1 | . . 1 . Alert Level 2 | . 1 1 . Locate Traps 1 | . . 1 . Hauler Manifests 1 | . . 1 . Fabricator Hacks . | . . . . Repair Station Hacks . | . . . . Recycling Unit Hacks 4 | . 2 2 . Recycle Component 1 | . 1 . . Retrieve Matter 2 | . 1 1 . Retrieve Components 1 | . . 1 . Scanalyzer . | . . . . Garrison Access Hacks . | . . . . Unauthorized Hacks . | . . . . Terminals . | . . . . Fabricators . | . . . . Repair Stations . | . . . . Recycling Units . | . . . . Scanalyzers . | . . . . Garrison Access . | . . . . Data Cores Recovered . | . . . . Used . | . . . . Hacking Detections 6 | . 3 2 1 Full Trace Events 1 | . . . 1 Feedback Events . | . . . . Feedback Blocked . | . . . . Robot Schematics Acquired . | . . . . Robots Built . | . . . . Authchips . | . . . . Time . | . . . . Total Robot Build Rating . | . . . . Part Schematics Acquired . | . . . . Parts Built . | . . . . Authchips . | . . . . Time . | . . . . Total Part Build Rating . | . . . . Part Studies Acquired . | . . . . Parts Repaired . | . . . . Time . | . . . . Parts Recycled 1 | . 1 . . Recycled Matter . | . . . . Retrieved Matter 118 | . 56 62 . Retrieved Components 10 | . . 10 . Parts Scanalyzed . | . . . . Part Schematics Acquired . | . . . . Parts Damaged . | . . . . Bothacking | -11 -10 -9 -9 ------------ Run | Yrd Mat Mat Sto Used RIF Installer . | . . . . Robots Hacked 5 | . . 4 1 Non-combat 4 | . . 3 1 Combat 1 | . . 1 . Robot Hacks Applied 5 | . . 4 1 parse_system 4 | . . 3 1 find_recycling 1 | . . 1 . Relay Couplers Released . | . . . . Fabnet Peak Effective % . | . . . . Robots Rewired . | . . . . Allies Hacked . | . . . . Hacks Repelled . | . . . . Allies | -11 -10 -9 -9 -------- Run | Yrd Mat Mat Sto Total Allies . | . . . . Largest Group . | . . . . Highest-Rated Group . | . . . . Highest-Rated Ally . | . . . . Total Orders . | . . . . Ally Attacks . | . . . . Total Damage . | . . . . Kills . | . . . . Allies Corrupted . | . . . . Allies Melted . | . . . . Intel | -11 -10 -9 -9 ------- Run | Yrd Mat Mat Sto Active Infowar (turns) 2050 | 20 864 1008 158 Optics 1004 | . . 846 158 Terrain 344 | 20 324 . . Structural 702 | . 540 162 . Seismic 28 | 3 25 . . Robot Analysis Total . | . . . . Derelict Logs Recovered . | . . . . Drone Launches . | . . . . Drone Recoveries . | . . . . Exploration | -11 -10 -9 -9 ------------- Run | Yrd Mat Mat Sto Turns Passed 2934 | 143 864 1769 158 Spaces Moved 1684 | 135 601 888 60 Core 49 | 38 . 4 7 Treads 342 | . . 342 . Legs 1073 | 7 524 542 . Wheels 167 | 90 77 . . Hover 53 | . . . 53 Flight . | . . . . Fastest Speed 50 | 50 80 120 176 Average Speed 141 | 73 115 166 191 Slowest Speed 550 | 120 120 550 350 Overloaded Moves . | . . . . Propulsion Burnouts . | . . . . Robots Hopped . | . . . . Potential Cave-ins . | . . . . Cave-ins Triggered . | . . . . Exploration Rate (%) 40 | 6 84 55 18 Regions Visited 3 Branch Regions 1 Pre-discovered Areas . | . . . . Known Exits Taken 1 | . . 1 . Unknown Exits Taken 2 | 1 1 . . Scrap Searched . | . . . . Spaces Dug . | . . . . Terrain Destroyed 163 | . 29 54 80 Melee . | . . . . Projectile . | . . . . AOE 163 | . 29 54 80 Terrain Rammed . | . . . . Walls Destroyed . | . . . . Machines Disabled . | . . . . Actions | -11 -10 -9 -9 --------- Run | Yrd Mat Mat Sto Total 2028 | 171 693 1076 88 Wait 6 | . . 6 . Move 1681 | 134 600 887 60 Hop . | . . . . Pick Up 68 | 16 18 34 . Fast Attach 8 | 2 . 6 . Attach 28 | 5 4 14 5 Detach 7 | . . 4 3 Swap 30 | 4 6 17 3 Drop 52 | 6 10 32 4 Fire 117 | 4 50 53 10 Melee 18 | . . 15 3 Ram 1 | . 1 . . Kick 10 | . 4 6 . Crush 2 | . . 2 . Escape Stasis . | . . . . Rewire . | . . . . Trap . | . . . . Miscellaneous . | . . . . Route ------- -11/Scrapyard -10/Materials (discovered 4 exits: *Mat x2 / [*Min x2]) -9/Materials (discovered 6 exits: [*Mat x3] / *Min / *Sto x2) -9/Storage History --------- Turn | Location | Event 2 | -11/Scrapyard | Met Revision 17 89 | -11/Scrapyard | Discovered new exit (range 8) 144 | -11/Scrapyard | Entered Materials 304 | -10/Materials | Build established: Mutant 387 | -10/Materials | Core integrity fell below 50% 432 | -10/Materials | Discovered new exit (range 15) 598 | -10/Materials | Discovered new exit (range 11) 709 | -10/Materials | Discovered new exit (range 8) 941 | -10/Materials | Discovered new exit (range 15) 1008 | -10/Materials | Entered another Materials area 1008 | -9/Materials | Evolved 2 slots: Power x1, Utility x1 1201 | -9/Materials | Lost 3 parts (1p1n1u) 1245 | -9/Materials | Discovered new exit (range 16) 1592 | -9/Materials | Discovered new exit (range 6) 2224 | -9/Materials | Discovered new exit (range 18) 2234 | -9/Materials | Identified exit to Mines 2234 | -9/Materials | Identified exit to Storage 2549 | -9/Materials | Discovered new exit (range 15) 2749 | -9/Materials | Core integrity fell below 50% 2777 | -9/Materials | Entered Storage 2907 | -9/Storage | Core integrity fell below 20% 2935 | -9/Storage | Destroyed by S-10 Pest with Light Assault Rifle Last Messages --------------- 02894_ Y-45 Defender destroyed. 02897_ Missile Launcher destroyed. 02897_ Destroyed Missile Launcher. 02897_ Door Terminal disabled. 02898_ The unstable cave ceiling collapses. 02901_ G-34 Mercenary destroyed. 02904_ The unstable cave ceiling collapses. 02904_ Hover Unit destroyed. 02907_ The unstable cave ceiling collapses. [Achievement: Crack Shot] 02907_ G-34 Mercenary destroyed. 02913_ The unstable cave ceiling collapses. 02919_ Destroyed Hover Unit. 02919_ W-16 Scout destroyed. 02924_ Missile Launcher destroyed. 02925_ The unstable cave ceiling collapses. 02930_ K-01 Serf collects debris. 02932_ The unstable cave ceiling collapses. 02934_ K-01 Serf collects debris. [Achievement: First Step to Greatness] Map ----- +----------------------------------------------------+ | ???????????????????????????????????????????? | | ???????????????????????????????????????????? | | ???????????????????????????????????????????? | | ???????????????????????????????????????????? | | ???????????????????????????????????????????? | | ???????????????????????????????????????????? | | ???????????????????????????????????????????? | | ???????????????????????????????????????????? | | ???????????????????????? ?????????????????? | | ???????????????????????? ?????????????????? | | ???????????????????????? ?????????????????? | | ???????????????????????? ?????????????????? | | ???????????????""??????? #????????????????? | | ???????????????"Y"?????? #???#+##?????????? | | ??????????????#" "#?#### #??? ?????????? | | ??????????????? # #??? #?????????? | | ???????????##?? + #??# #?????????? | | ???????????""" # #??# #?????????? | | ???????????"R """ """ ## #??# #?????????? | | ????????????"" """ """ ## #??# #?????????? | | ?????????????# """ """ ## #### #?????????? | | ??????????#### ##s# ##????????? | | ?????????### * #????????? | | ?????????# #+ # #s = #?????????? | | ????????## [ ## #ss# #?????????? | | ????????# # # @ #?????????? | | ????????# % #?????????? | | ?????????# " ## # # #?????????? | | ?????????# k #?????????? | | ?????????# #"# #?????????? | | ?????????# ## #?? u #?????????? | | ?????????#####?# #???##k #?????????? | | ???????????????# #????# #?????????? | | ???????????????## #????# #?????????? | | ????????????????## ##????# #?????????? | | ???????????????############### #?????????? | | ???????????????# # #?????????? | | ???????????????# # #?????????? | | ???????????????# / #?????????? | | ???????????????# # #?????????? | | ???????????????# # +?????????? | | ???????????????# # = #?????????? | | ???????????????#####+#########=/ #?????????? | | ?????????????????????????????# = #?????????? | | ?????????????????????????????#####?????????? | | ???????????????????????????????????????????? | | ???????????????????????????????????????????? | | ???????????????????????????????????????????? | | ???????????????????????????????????????????? | | ???????????????????????????????????????????? | +----------------------------------------------------+ Best States ------------- Heat Dissipation 38 Energy Generation 21 Energy Capacity 415 Matter Stores 450 Matter Capacity 450 Sight Range 18 Terrain Scan Range 16 Terrain Scan Density 10 Evasion (%) 55 Recoil Reduction 2 Item Schematics ----------------- None Robot Schematics ------------------ None Fabricated ------------ Nothing Repaired ---------- Nothing Studied --------- None Alien Tech Used ----------------- None Achievements -------------- Crack Shot First Step to Greatness For Emergencies Only Ghost 'Em Junior Dev Let's See Who's Tougher Librarian Novice Programmer One Hack Too Far Organ Harvest Resistances Are Futile Shopping List Spot Them First Storm Trooper There's More Where That Came From Uninvited Guest Challenges ------------ None Game ------ Seed NeutronAluminumProtomatter Manual? 0 Play Time 01:29:18 Cumulative 1.4 hours Start 2026.03.07 @ 11:47:09 End 2026.03.07 @ 22:01:14 Sessions 7 Manual Loads 0 Difficulty Rogue Special Mode None Game No. 1 Rogue 1 Adventurer 0 Explorer 0 Win Type - Total 0 Types 0/0/0/0/0/0/0/0/0/0 Lore% 0 Gallery% 2 Achievement% 3 Wizard Run 0 Options --------- Layout 1 ASCII 0 Keyboard 1 Movement Numpad Keybinds 0 Fullscreen 1 Font 32/SmallcapsGlow Map View 50x35 Zoom Use 0% Tactical HUD 1 Map Filters NONE Filters NONE Steam 0 RUN: 5282de46-9a86-4d95-9ab7-71567858ee1f